 Dungeon Crawl Stone Soup version 0.28-a0-851-g8b9cc49659 (webtiles) character file.

Game seed: 10119135278620649606

66236 vurker the Stormcaller (level 14, -24/122 HPs)
             Began as a Demigod Air Elementalist on Nov 14, 2021.
             Killed from afar by Jorgrun (36 damage)
             ... with an iron shot
             ... on level 1 of the Orcish Mines.
             The game lasted 00:36:00 (32614 turns).

vurker the Stormcaller (Demigod Air Elementalist)  Turns: 32614, Time: 00:36:01

Health: -24/122    AC:  9    Str:  9    XL:     14   Next: 39%
Magic:  14/37      EV: 12    Int: 39    God:
Gold:   1546       SH:  5    Dex: 14    Spells: 36/41 levels left

rFire   . . .      SeeInvis .   e - staff of air
rCold   . . .      Faith    .   E - +0 buckler
rNeg    . . .      Spirit   .   i - +0 steam dragon scales
rPois   +          Reflect  .   l - +0 hat
rElec   +          Harm     .   a - +1 cloak
rCorr   .          Rampage  .   g - +0 pair of gloves
Will    +++..                   c - +0 pair of boots
Stlth   ++........              k - amulet "Wacadak" {RegenMP rPois Will+}
HPRegen 0.30/turn               o - +6 ring of intelligence
MPRegen 0.50/turn               z - ring of willpower

@: no status effects
A: high mp 1, forlorn
a: no special abilities


You were on level 1 of the Orcish Mines.
You visited 3 branches of the dungeon, and saw 19 of its levels.

You collected 1546 gold pieces.

Inventory:

Armour
 a - a +1 cloak (worn)
   (You found it on level 7 of the Dungeon)
 c - a +0 pair of boots (worn)
   (You found it on level 5 of the Dungeon)
 g - a +0 pair of gloves (worn)
   (You found it on level 6 of the Dungeon)
 i - +0 steam dragon scales (worn)
   (You found it on level 4 of the Dungeon)
 l - a +0 hat (worn)
   (You found it on level 3 of the Dungeon)
 E - a +0 buckler (worn)
   (You took it off a gnoll sergeant on level 11 of the Dungeon)
Magical Staves
 e - a staff of air (weapon)
   (You acquired it on level 4 of the Dungeon)
 h - a staff of fire
   (You found it on level 4 of the Dungeon)
Jewellery
 k - the amulet "Wacadak" (around neck) {RegenMP rPois Will+}
   (You acquired it on level 9 of the Dungeon)

   [amulet of magic regeneration]

   It increases your rate of magic regeneration.
   rPois:     It protects you from poison.
   Will:      It increases your willpower.
 o - a +6 ring of intelligence (left hand)
   (You found it on level 5 of the Dungeon)
 z - a ring of willpower (right hand)
   (You found it on level 1 of the Lair of Beasts)
 C - a ring of resist corrosion
   (You found it on level 2 of the Lair of Beasts)
 H - a ring of fire
   (You found it on level 6 of the Lair of Beasts)
Wands
 d - a wand of iceblast (18)
   (You found it on level 3 of the Dungeon)
 s - a wand of polymorph (24)
   (You found it on level 6 of the Dungeon)
 t - a wand of flame (41)
   (You found it on level 8 of the Dungeon)
 u - a wand of paralysis (7)
   (You took it off Pikel on level 6 of the Dungeon)
 v - a wand of digging (9)
   (You found it on level 9 of the Dungeon)
 x - a wand of acid (33)
   (You found it on level 4 of the Dungeon)
 G - a wand of mindburst (35)
   (You found it on level 2 of the Lair of Beasts)
Scrolls
 f - 2 scrolls of amnesia
 q - 6 scrolls of magic mapping
 F - a scroll of summoning
 I - a scroll of teleportation
Potions
 b - 7 potions of curing
 j - 2 potions of lignification
 m - a potion of flight
 n - a potion of ambrosia
 p - 3 potions of brilliance
 r - a potion of invisibility
 w - 3 potions of resistance
 A - a potion of mutation
 B - a potion of magic


   Skills:
 + Level 10.8 Fighting
 - Level 1.7 Dodging
 - Level 1.7 Stealth
 - Level 4.0 Shields
 * Level 14.1 Spellcasting
 - Level 3.0 Conjurations
 * Level 15.3 Air Magic


You had 36 spell levels left.
You knew the following spells:

 Your Spells              Type           Power      Damage    Failure   Level
a - Shock                 Conj/Air       100%       1d9       1%          1
c - Airstrike             Air            60%        N/A       1%          4

Your spell library contained the following spells:

 Spells                   Type           Power      Damage    Failure   Level
 Swiftness                Air            100%       N/A       0%          3
 Apportation              Tloc           54%        N/A       1%          1
 Magic Dart               Conj           100%       1d8       1%          1
 Sandblast                Erth           54%        2d13      1%          1
 Passwall                 Tmut/Erth      22%        N/A       1%          2
 Searing Ray              Conj           100%       2d8       1%          2
 Static Discharge         Conj/Air       99%        N/A       1%          2
 Dazzling Flash           Conj/Hex       78%        N/A       1%          3
 Stone Arrow              Conj/Erth      78%        3d11      1%          3
 Summon Lightning Spire   Summ/Air       92%        N/A       1%          4
 Silence                  Hex/Air        46%        N/A       1%          5
 Frozen Ramparts          Ice            54%        1d7       3%          3
 Gell's Gravitas          Tloc           27%        N/A       3%          3
 Lesser Beckoning         Tloc           27%        N/A       3%          3
 Ozocubu's Armour         Ice            27%        N/A       3%          3
 Teleport Other           Tloc           27%        N/A       3%          3
 Tukima's Dance           Hex            27%        N/A       3%          3
 Fulminant Prism          Conj/Hex       19%        3d11      7%          4
 Iskenderun's Battlesphe  Conj           50%        2d10      10%         5
 Ice Form                 Ice/Tmut       27%        N/A       12%         4
 Passage of Golubria      Tloc           27%        N/A       12%         4
 Summon Ice Beast         Ice/Summ       27%        N/A       12%         4
 Maxwell's Capacitive Co  Air            60%        ∞         16%         8
 Agony                    Necr           27%        N/A       34%         5
 Alistair's Intoxication  Tmut/Pois      18%        N/A       34%         5
 Borgnjor's Vile Clutch   Necr/Erth      13%        N/A       34%         5
 Metabolic Englaciation   Hex/Ice        13%        N/A       34%         5
 Yara's Violent Unravell  Hex/Tmut       13%        3d7       34%         5
 Storm Form               Tmut/Air       46%        N/A       41%         7
 Iron Shot                Conj/Erth      19%        9d4       71%         6
 Eringya's Noxious Bog    Tmut/Pois      13%        N/A       88%         6
 Simulacrum               Ice/Necr       13%        N/A       88%         6
 Spellforged Servitor     Conj/Summ      19%        N/A       99%         7


Dungeon Overview and Level Annotations

Branches:
Dungeon (11/15)            Temple (0/1) D:6            Lair (6/6) D:10
 Shoals (0/4) Lair:4       Spider (0/4) Lair:4        Slime (0/5) Lair:5
    Orc (2/2) D:11
    Elf: Orc:2

Shops:
D:2 =   D:7 (

Annotations:
D:4 1 runed translucent door, DungeonMaster's ghost, amateur DsWn
D:11 1 runed translucent door, Ska's ghost, journeyman GnWn
Lair:5 3 runed translucent doors, Besadwos's ghost, journeyman OpHu
Lair:6 exclusion: door
Orc:1 Jorgrun


Innate Abilities, Weirdness & Mutations

Your attributes grow dramatically as you level up.
You have an increased reservoir of magic. (+10% MP)
You shall have no god before yourself.


Message History

The air twists around and strikes the orc!!
You kill the orc!
The orc priest shouts!
Jorgrun casts a spell at you. You resist with almost no effort.
Aim: an orc, wielding a +0 short sword and wearing a +0 ring mail (empty space bonus: 6/8)
You feel a surge of power!
The air twists around and strikes the orc!!
You kill the orc!
Aim: an orc, wielding a +0 vorpal hand axe and wearing a +0 leather armour (empty space bonus: 6/8)
You feel a surge of power!
The air twists around and strikes the orc!!
You kill the orc!
The orc priest calls down the wrath of Beogh upon you.
You resist with almost no effort.
Aim: an ogre, wielding a +0 giant club (empty space bonus: 7/8)
You feel a surge of power!
The air twists around and strikes the ogre!!
The orc priest calls down the wrath of Beogh upon you.
Beogh smites you! Jorgrun gestures at you while chanting.
The iron shot hits you!!
The orc priest miscasts a cantrip.
Aim: an ogre, wielding a +0 giant club (severely wounded, empty space bonus: 8/8)
You feel a surge of power!
The air twists around and strikes the ogre!
You kill the ogre!
The orc priest invokes the aid of Beogh against you.
Beogh smites you!
Aim: an orc priest, wielding a +0 short sword (empty space bonus: 8/8)
You feel a surge of power!
The air twists around and strikes the orc priest!
You kill the orc priest!
A warg comes into view.
Aim: Jorgrun, wielding a +0 vorpal quarterstaff and wearing a +2 robe of willpower (empty space bonus: 8/8)
You feel a surge of power!
The air twists around and strikes Jorgrun!!
The orc priest calls down the wrath of Beogh upon you.
Beogh smites you! Jorgrun gestures at you while chanting.
The iron shot hits you!!!
* * * LOW HITPOINT WARNING * * *
You climb upwards.
There is a stone staircase leading down here.
As you read the scroll of fear, it crumbles to dust.
You assume a fearsome visage.
Jorgrun resists with almost no effort.
Jorgrun says, "'tis place shall be yer tomb!"
Jorgrun casts a spell at you. The iron shot hits you!!!
You die...

...#)..###..###.#..#...##
....[.####..........#...##
.....####.#..............##
...##...)...........8.....#
....................._.#.##
...##[..............8..###
....)..................###
...[.....................##
).<))..........g@.........#
...............>.........##
....#[.#............^...##
......................###
.......#.....#........##
.......................##
.................##.#...#
.#.#.........##.##.....##
#######..##.#######.#.##


You could see Jorgrun.

Vanquished Creatures
  An ogre mage (Orc:1)
  Harold (D:7)
  11 hydras
  3 catoblepae
  A satyr (shapeshifter) (D:11)
  6 death yaks
  7 two-headed ogres
  A centaur warrior (D:10)
  An orc high priest (Orc:1)
  2 spectral death yaks (Lair:6)
  Pikel (D:6)
  3 necromancers (Lair:6)
  An ugly thing (D:6)
  An obsidian statue (Lair:6)
  An oklob plant (Lair:3)
  6 black mambas
  24 elephants
  Maurice (D:8)
  Joseph (D:7)
  4 gargoyles
  10 cane toads
  3 rime drakes
  A demonic crawler (Lair:4)
  8 komodo dragons
  Maggie (D:7)
  6 trolls
  Prince Ribbit (D:7)
  A hornet (D:7)
  3 polar bears
  5 slime creatures
  22 blink frogs
  A spectral elephant (Lair:6)
  7 dream sheep (Lair:6)
  Sigmund (D:3)
  22 yaks
  2 vampires (D:9)
  5 basilisks
  A death yak simulacrum (Lair:6)
  Grum (D:11)
  3 steam dragons
  2 wyverns
  2 wargs
  A spectral cane toad (Lair:6)
  An acid dragon (D:9)
  15 water moccasins
  A hornet zombie (D:8)
  17 orc warriors
  2 sky beasts
  An elephant zombie (Lair:6)
  5 centaurs
  26 wolves
  6 ogres
  A phantom (D:5)
  4 kobold brigands
  9 bullfrogs
  2 wyvern zombies
  A cane toad simulacrum (Lair:6)
  4 scorpions
  4 gnoll sergeants
  A water moccasin skeleton (D:5)
  9 killer bees
  15 wights
  3 howler monkeys (D:10)
  A bullfrog zombie (D:6)
  4 electric eels (D:10)
  A lava snake (D:8)
  3 jellies
  3 centaur zombies
  12 orc priests
  8 hounds
  7 iguanas
  3 centaur skeletons
  Natasha (thrice) (D:2)
  6 orc wizards
  A hound zombie (D:5)
  A hound skeleton (D:4)
  2 howler monkey zombies
  12 gnolls
  6 adders
  An ufetubus (D:5)
  3 worms
  2 dart slugs
  35 orcs
  7 endoplasms
  6 giant cockroaches
  9 goblins
  8 hobgoblins
  6 jackals
  3 quokkas
  6 ball pythons
  10 bats
  3 frilled lizards
  24 kobolds
  6 rats
515 creatures vanquished.

Vanquished Creatures (others)
  An orc (Orc:1)
  30 fungi
  39 plants
  27 withered plants (Lair:6)
97 creatures vanquished.

Grand Total: 612 creatures vanquished

Notes
Turn   | Place    | Note
-------+----------+-------------------------------------------
     0 | D:1      | vurker the Demigod Air Elementalist began the quest for the
                  | Orb.
     0 | D:1      | Reached XP level 1. HP: 14/14 MP: 5/5
   162 | D:1      | Reached skill level 1 in Conjurations
   350 | D:1      | Reached XP level 2. HP: 22/22 MP: 2/7
   525 | D:1      | Reached skill level 3 in Air Magic
  1622 | D:2      | Reached XP level 3. HP: 27/27 MP: 5/9
  1852 | D:2      | Noticed Natasha
  1868 | D:2      | Killed Natasha
  1869 | D:2      | Reached skill level 1 in Fighting
  2074 | D:2      | Noticed Natasha
  2084 | D:2      | Killed Natasha
  2085 | D:2      | Reached XP level 4. HP: 29/35 MP: 1/10
  2245 | D:2      | Noticed Natasha
  2255 | D:2      | Killed Natasha
  2398 | D:2      | Found Micici's Jewellery Shop.
  3341 | D:3      | Reached XP level 5. HP: 34/40 MP: 9/12
  3599 | D:3      | Noticed Sigmund
  3611 | D:3      | Killed Sigmund
  3612 | D:3      | Reached skill level 4 in Air Magic
  3612 | D:3      | Reached XP level 6. HP: 35/48 MP: 7/14
  4081 | D:4      | Learned a level 4 spell: Airstrike
  4127 | D:4      | Identified a scroll of acquirement
  4127 | D:4      | Acquired a staff of air
  4563 | D:4      | Found a runed translucent door.
  4573 | D:4      | Noticed DungeonMaster's ghost (amateur DsWn)
  4921 | D:4      | Noticed a steam dragon
  4928 | D:4      | Killed a steam dragon
  4929 | D:4      | Reached skill level 5 in Air Magic
  4929 | D:4      | Reached XP level 7. HP: 43/56 MP: 7/16
  5123 | D:4      | You fall into a shaft and drop 1 floor!
  5123 | D:5      | Entered Level 5 of the Dungeon
  6735 | D:5      | Reached skill level 5 in Spellcasting
  6842 | D:5      | Reached skill level 6 in Air Magic
  6842 | D:5      | Reached XP level 8. HP: 60/63 MP: 6/19
  7075 | D:6      | Noticed Pikel
  7079 | D:6      | Killed Pikel
  7509 | D:6      | Reached skill level 7 in Air Magic
  7834 | D:6      | Noticed a green ugly thing
  7841 | D:6      | Killed a green ugly thing
  7842 | D:6      | Reached XP level 9. HP: 72/72 MP: 2/22
  8196 | D:6      | Found a staircase to the Ecumenical Temple.
  8276 | D:7      | Noticed Maggie
  8280 | D:7      | Killed Maggie
  8297 | D:7      | Noticed Prince Ribbit
  8375 | D:7      | Killed Prince Ribbit
  8376 | D:7      | Reached skill level 5 in Fighting
  8376 | D:7      | Reached skill level 8 in Air Magic
  8683 | D:7      | Found Bodi Dum's Weapon Boutique.
  8845 | D:7      | Noticed Joseph
  8850 | D:7      | Killed Joseph
  9127 | D:7      | Noticed Harold
  9136 | D:7      | Paralysed by a hornet for 3 turns
  9156 | D:7      | Killed Harold
  9157 | D:7      | Reached skill level 9 in Air Magic
  9157 | D:7      | Reached XP level 10. HP: 17/83 MP: 12/26
 11386 | D:8      | Noticed Maurice
 11390 | D:8      | Killed Maurice
 11935 | D:8      | Reached skill level 10 in Air Magic
 13207 | D:9      | Acquired the amulet "Wacadak" {RegenMP rPois Will+}
 13512 | D:9      | Reached XP level 11. HP: 91/91 MP: 19/28
 14084 | D:10     | Entered Level 10 of the Dungeon
 14242 | D:10     | Noticed a two-headed ogre
 14245 | D:10     | Killed a two-headed ogre
 14304 | D:10     | Noticed a centaur warrior
 14307 | D:10     | Killed a centaur warrior
 14483 | D:10     | Reached skill level 11 in Air Magic
 14542 | D:10     | Reached skill level 10 in Spellcasting
 15111 | D:10     | Found a staircase to the Lair.
 15483 | D:11     | Noticed a four-headed hydra
 15489 | D:11     | Killed a four-headed hydra
 15613 | D:11     | Noticed Grum
 15768 | D:11     | Killed Grum
 15917 | D:11     | Found a staircase to the Orcish Mines.
 16408 | D:11     | Noticed a satyr
 16422 | D:11     | Killed a satyr
 16586 | D:11     | Noticed a two-headed ogre
 16590 | D:11     | Killed a two-headed ogre
 17148 | D:11     | Found a runed translucent door.
 17148 | D:11     | Noticed Ska's ghost (journeyman GnWn)
 17148 | D:11     | Noticed a +0 rapier of chaos
 17204 | D:11     | Noticed a five-headed hydra
 17208 | D:11     | Killed a five-headed hydra
 17209 | D:11     | Reached skill level 12 in Air Magic
 17346 | Lair:1   | Entered Level 1 of the Lair of Beasts
 17388 | Lair:1   | Reached skill level 1 in Shields
 17420 | Lair:1   | Reached XP level 12. HP: 102/102 MP: 17/31
 17618 | Lair:1   | Noticed a six-headed hydra
 17631 | Lair:1   | Killed a six-headed hydra
 18418 | Lair:1   | Noticed a five-headed hydra
 18422 | Lair:1   | Killed a five-headed hydra
 19388 | Lair:2   | Noticed a five-headed hydra
 19392 | Lair:2   | Killed a five-headed hydra
 19903 | Lair:2   | Noticed a four-headed hydra
 19907 | Lair:2   | Killed a four-headed hydra
 20845 | Lair:3   | Identified the +2 leather armour of the Fletcher {Slay+6}
 20893 | Lair:3   | Reached skill level 13 in Air Magic
 21316 | Lair:3   | Noticed a six-headed hydra
 21321 | Lair:3   | Killed a six-headed hydra
 21323 | Lair:3   | Noticed a six-headed hydra
 21391 | Lair:3   | Noticed a six-headed hydra
 21408 | Lair:3   | Killed a six-headed hydra
 21447 | Lair:3   | Killed a six-headed hydra
 21540 | Lair:3   | Noticed an eight-headed hydra
 21544 | Lair:3   | Killed an eight-headed hydra
 21545 | Lair:3   | Reached XP level 13. HP: 111/111 MP: 8/34
 22027 | Lair:4   | Found a staircase to the Shoals.
 22578 | Lair:4   | HP: 4/111 [scorpion (8)]
 23032 | Lair:4   | Found a hole to the Spider Nest.
 23921 | Lair:5   | Found a staircase to the Slime Pits.
 23994 | Lair:5   | Found a runed translucent gate.
 23994 | Lair:5   | Found a runed translucent gate.
 23994 | Lair:5   | Found a runed translucent gate.
 23999 | Lair:5   | Noticed a minotaur
 24006 | Lair:5   | Noticed Besadwos's ghost (journeyman OpHu)
 24282 | Lair:5   | Reached skill level 14 in Air Magic
 25362 | Lair:6   | Entered Level 6 of the Lair of Beasts
 25457 | Lair:6   | Reached skill level 10 in Fighting
 27211 | Lair:6   | Reached XP level 14. HP: 122/122 MP: 24/36
 29671 | Lair:6   | Identified the +8 shadow dragon scales "Simol" {rPois Will-
                  | rCorr Stlth++++}
 29696 | Lair:6   | Reached skill level 15 in Air Magic
 30155 | Orc:1    | Entered Level 1 of the Orcish Mines
 32604 | Orc:2    | Entered Level 2 of the Orcish Mines
 32604 | Orc:2    | Noticed Jorgrun
 32614 | Orc:1    | Killed from afar by Jorgrun

Illustrated notes

Levels and vault maps discovered:
D:1:      dpeg_arrival_line_fractal, layout_loops_corners, serial_forest,
          infiniplex_forest_clump_double, infiniplex_forest_lined_3_way,
          infiniplex_forest_clump_medium, infiniplex_forest_lined_room_3,
          infiniplex_forest_clump_double, infiniplex_forest_lined_corner,
          infiniplex_forest_straight_5
D:2:      layout_rooms, serial_shops, shop, uniq_natasha
D:3:      layout_basic, uniq_sigmund
D:4:      layout_basic, hellmonk_ghost_happy_afterlife, minmay_surrounded
D:5:      minmay_razor_zed, layout_basic, mainiacjoe_overflow_cross_hatched,
          kennysheep_nub
D:6:      layout_cave_pools, nicolae_overflow_crystal_walls,
          minmay_temple_entry_butterflies, kennysheep_generic_room_12,
          uniq_pikel
D:7:      layout_layer_cave, mainiacjoe_overflow_tiny_flanked, serial_shops,
          shop, chequers_serial_rivers_micro_e, kennysheep_decorative_pillar,
          uniq_maggie, uniq_harold, uniq_joseph, uniq_prince_ribbit1
D:8:      layout_layer_cave, lemuel_round_altar, okawaru_gym_becter,
          kennysheep_big_empty_room, uniq_maurice
D:9:      layout_roguey, mainiacjoe_overflow_concentric_impassable
D:10:     layout_stronghold, erik_lair_island, minmay_crystal_water,
          item_on_display_a
D:11:     layout_cave_pods, kennysheep_orc_monster_closet_entryway,
          ebering_ghost_xom, serial_column_ruins, column_ruins_corridor_corner,
          column_ruins_corridor_corner, column_ruins_grid_1,
          column_ruins_grid_2, minivault_23, uniq_grum
Lair:1:   layout_roguey, bh_autumn_forest_stairs
Lair:2:   layout_cave_pods
Lair:3:   layout_concentric_octagons, minmay_lair_oklob_bushes, st_stairs_9,
          minmay_holes, eino_small_chamber_without_monster, minivault_24,
          chequers_serial_rivers_room_b
Lair:4:   layout_gridlike, elwin_shoals_entry_rocks,
          nicolae_spider_entry_non_spiders, minivault_25,
          cheibrodos_lair_lostbears, grunt_megastairs_1, lemuel_fruit_tree
Lair:5:   layout_hall_layers, slime_dummy, enter_volcano_2,
          maelrawn_ghost_gauntlet_escape, lemuel_fruit_fields
Lair:6:   due_jungle_book, layout_long_grid, serial_rivers,
          chequers_serial_rivers_micro_b, chequers_serial_rivers_small_b,
          chequers_serial_rivers_small_3, chequers_serial_rivers_large_b,
          patterned_corridor
Orc:1:    layout_caves, special_room [special_room_orc], lemuel_statue_altar,
          hangedman_feature_mirror, mines2_david
Orc:2:    st_orc_ogre_mass, layout_caves, uniq_jorgrun

Skill      XL: |  1  2  3  4  5  6  7  8  9 10 11 12 13 14 |
---------------+-------------------------------------------+-----
Conjurations   | 1 2 3 |  3.0
Spellcasting   | 2 3 4 5 6 8 9 11 12 13 14 | 14.1
Air Magic      | 3 4 5 6 7 9 10 12 13 14 15 | 15.3
Fighting       | 1 2 3 4 5 6 8 9 10 | 10.8
Shields        | 1 4 |  4.0
Dodging        | |  1.7
Stealth        | |  1.7

Action                   |  1- 3 |  4- 6 |  7- 9 | 10-12 | 13-15 || total
-------------------------+-------+-------+-------+-------+-------++-------
Melee: Unarmed           |     8 |       |       |       |       ||     8
       Short sword       |     9 |       |       |       |       ||     9
       Staff             |       |       |     5 |     2 |    12 ||    19
 Cast: Shock             |    90 |   114 |    35 |   103 |    20 ||   362
       Airstrike         |       |     1 |    78 |   415 |   457 ||   951
Evoke: Wand              |       |       |    12 |     7 |     5 ||    24
  Use: Scroll            |       |    11 |     3 |    12 |     7 ||    33
       Potion            |       |       |     1 |       |     1 ||     2
Armor: Robe              |     2 |     1 |     9 |       |       ||    12
       Steam dragon scal |       |       |     5 |    43 |    65 ||   113
Dodge: Dodged            |    17 |     2 |    33 |    84 |   118 ||   254
Block: Buckler           |       |       |       |    13 |    60 ||    73

Table legend: (Time is in decaauts)
 A = Elapsed time spent in this place.
 B = Non-inter-level travel time spent in this place.
 C = Inter-level travel time spent in this place.
 D = Time resting spent in this place.
 E = Time spent auto-exploring this place.
 F = Levels seen in this place.
 G = Mean time per level.
                   A        B        C        D        E       F      G
               +--------+--------+--------+--------+--------+-----+--------+
         Total |  32759 |  31616 |   1143 |   3353 |  24439 |  19 | 1724.2 |
       Dungeon |  19267 |  18598 |    669 |   2487 |  13992 |  11 | 1751.5 |
          Lair |  12844 |  12377 |    467 |    866 |   9959 |   6 | 2140.7 |
  Orcish Mines |    647 |    641 |      6 |      0 |    488 |   2 |  323.5 |
               +--------+--------+--------+--------+--------+-----+--------+

Top non-repeatable levels by time:
  Lair:6: 4060 daAuts
    D:11: 3249 daAuts
     D:7: 3016 daAuts
  Lair:5: 2032 daAuts
  Lair:1: 1942 daAuts
    D:10: 1914 daAuts
  Lair:4: 1867 daAuts
     D:5: 1692 daAuts
  Lair:3: 1646 daAuts
     D:1: 1604 daAuts
     D:6: 1599 daAuts
     D:8: 1426 daAuts
     D:4: 1382 daAuts
     D:3: 1373 daAuts
  Lair:2: 1296 daAuts
